Map: Abyssal Reef LE

Players

ShoWTimE - Winner!

  • Race: Protoss Protoss
  • Spawn Location: 5:00

Neeb

  • Race: Protoss Protoss
  • Spawn Location: 11:00

Event: WCS Austin 2017

VOD

Have the link to the VOD?

Description

Time

  • Played on: April 29, 2017, 8:35 p.m.
  • Length: 15:53

All games in this series

Show
View Real Time Build Order
Export as new Build Order

ShoWTimE Protoss - Winner!

Build Orders: Phoenix Opening 

Get SALT Encoding   

  12  0:00  Probe (Chrono Boost)  
  13  0:11  Probe (Chrono Boost)  
  14  0:18  Pylon  
  14  0:22  Probe (Chrono Boost)  
  15  0:36  Probe (Chrono Boost)  
  15  0:37  Gateway  
  16  0:43  Assimilator  
  16  0:47  Probe (Chrono Boost)  
  17  0:51  Assimilator  
  17  0:57  Probe (Chrono Boost)  
  18  1:06  Gateway  
  18  1:08  Probe (Chrono Boost)  
  19  1:18  Probe (Chrono Boost)  
  19  1:24  Cybernetics Core  
  20  1:29  Probe (Chrono Boost)  
  20  1:32  Pylon  
  21  1:39  Probe (Chrono Boost)  
  22  1:49  Warp Gate  
  22  1:50  Probe (Chrono Boost)  
  23  2:00  Stalker  
  27  2:01  Mothership Core (Chrono Boost)  
  27  2:23  Nexus  
  27  2:31  Stalker  
  29  2:38  Pylon  
  29  2:42  Probe (Chrono Boost)  
  30  2:54  Probe (Chrono Boost)  
  31  2:59  Adept  
  31  3:01  Adept  
  36  3:07  Probe (Chrono Boost)  
  36  3:12  Stargate  
  36  3:19  Probe (Chrono Boost)  
  36  3:31  Probe (Chrono Boost)  
  37  3:35  Probe (Chrono Boost)  
  37  3:36  Pylon  
  38  3:43  Probe (Chrono Boost)  
  38  3:45  Probe (Chrono Boost)  
  40  3:52  Phoenix  
  40  3:54  Robotics Facility  
  40  3:55  Probe (Chrono Boost)  
  41  3:57  Sentry  
  41  3:59  Probe (Chrono Boost)  
  46  4:07  Probe (Chrono Boost)  
  44  4:10  Probe (Chrono Boost)  
  44  4:12  Pylon  
  44  4:15  Phoenix  
  44  4:19  Probe (Chrono Boost)  
  44  4:20  Probe (Chrono Boost)  
  48  4:24  Adept  
  48  4:29  Adept  
  54  4:31  Probe x2 (Chrono Boost)  
  54  4:39  Phoenix  
  54  4:41  Probe (Chrono Boost)  
  54  4:42  Observer  
  54  4:43  Probe (Chrono Boost)  
  59  4:49  Assimilator  
  59  4:52  Assimilator  
  60  4:53  Probe (Chrono Boost)  
  60  4:55  Probe (Chrono Boost)  
  61  5:01  Phoenix  
  61  5:04  Pylon  
  61  5:05  Probe (Chrono Boost)  
  65  5:08  Probe (Chrono Boost)  
  65  5:16  Adept x2  
  65  5:17  Probe (Chrono Boost)  
  65  5:20  Probe (Chrono Boost)  
  68  5:29  Probe (Chrono Boost)  
  68  5:32  Probe (Chrono Boost)  
  69  5:36  Twilight Council  
  69  5:38  Forge  
  69  5:40  Sentry  
  69  5:41  Probe (Chrono Boost)  
  69  5:42  Immortal  
  73  5:44  Probe (Chrono Boost)  
  73  5:46  Pylon  
  77  5:56  Probe (Chrono Boost)  
  78  6:03  Gateway x2  
  78  6:12  Resonating Glaives  
  78  6:16  Immortal, Protoss Ground Weapons Level 1  
  72  6:27  Gateway  
  72  6:33  Gateway  
  72  6:34  Gateway  
  72  6:36  Gateway  
  72  6:41  Photon Cannon  
  69  6:48  Photon Cannon  
  68  6:55  Stalker  
  70  7:03  Probe x2 (Chrono Boost)  
  74  7:15  Probe (Chrono Boost)  
  74  7:16  Probe (Chrono Boost)  
  74  7:18  Templar Archives  
  74  7:20  Immortal  
  74  7:27  Probe (Chrono Boost)  
  77  7:38  Nexus  
  77  7:42  Pylon  
  77  7:54  Photon Cannon  
  77  7:57  Photon Cannon  
  77  7:58  Protoss Ground Weapons Level 2  
  77  7:59  Pylon  
  77  8:00  High Templar x2  
  77  8:02  Immortal  
  77  8:04  Archon  
  82  8:07  Probe (Chrono Boost)  
  88  8:20  Pylon  
  88  8:21  Probe x2 (Chrono Boost)  
  88  8:22  Pylon  
  88  8:26  Adept x2  
  92  8:38  Immortal  
  92  8:43  Photon Cannon  
  96  8:51  Robotics Bay  
  96  8:52  Probe (Chrono Boost)  
  96  8:54  Probe x2 (Chrono Boost)  
  99  9:03  Probe (Chrono Boost)  
  99  9:06  Adept x4  
  106  9:12  Adept x2  
  106  9:15  Assimilator  
  106  9:16  Assimilator  
  110  9:21  Immortal  
  110  9:23  Adept x2  
  116  9:34  Adept x3  
  116  9:35  Adept  
  124  9:45  Adept x3  
  114  9:55  Disruptor  
  114  9:58  Adept x4  
  120  10:04  Adept  
  125  10:10  Protoss Ground Weapons Level 3  
  125  10:11  Adept x3  
  131  10:18  Assimilator  
  131  10:19  Probe x2 (Chrono Boost)  
  133  10:22  Assimilator  
  133  10:26  Pylon x2  
  133  10:29  Pylon  
  133  10:39  Disruptor  
  133  10:44  Probe (Chrono Boost)  
  133  10:46  Probe (Chrono Boost)  
  136  10:50  Adept x3  
  136  10:52  Blink  
  142  11:02  Probe (Chrono Boost)  
  143  11:09  Nexus  
  143  11:11  Robotics Facility, Pylon  
  143  11:13  Disruptor  
  146  11:42  Stalker  
  146  11:43  Stalker x5  
  146  11:44  Disruptor  
  151  12:00  Stalker x2  
  151  12:01  Disruptor  
  153  12:04  Probe (Chrono Boost)  
  153  12:05  Probe x2 (Chrono Boost)  
  159  12:13  Stalker x3  
  159  12:14  Stalker  
  149  12:17  Probe (Chrono Boost)  
  149  12:22  Probe (Chrono Boost)  
  153  12:23  Probe x2 (Chrono Boost)  
  151  12:33  Protoss Ground Armor Level 1  
  151  12:34  Photon Cannon  
  151  12:38  Photon Cannon  
  151  12:39  Observer  
  151  12:41  Assimilator  
  151  12:43  Pylon, Oracle  
  155  12:56  Disruptor  
  158  13:04  Stalker x4  
  158  13:05  Stalker  
  168  13:08  Assimilator  
  160  13:17  Disruptor  
  158  13:20  Fleet Beacon, Probe x3 (Chrono Boost)  
  158  13:21  Probe (Chrono Boost), Stargate  
  161  13:32  Disruptor  
  164  13:37  Pylon  
  158  13:53  Stalker x5  
  158  13:54  Stalker x2  
  170  14:00  Stargate  
  170  14:06  Stalker  
  172  14:10  Disruptor  
  172  14:15  Disruptor  
  178  14:22  Carrier  
  196  15:06  Pylon  
  196  15:13  Nexus  
  196  15:15  Pylon  
  175  15:50  Stalker x4  
Show
View Real Time Build Order
Export as new Build Order

Neeb Protoss 

Build Orders:  

Get SALT Encoding   

  12  0:01  Probe (Chrono Boost)  
  13  0:11  Probe (Chrono Boost)  
  14  0:18  Pylon  
  14  0:22  Probe (Chrono Boost)  
  15  0:36  Probe (Chrono Boost)  
  15  0:37  Gateway  
  16  0:46  Probe (Chrono Boost)  
  16  0:48  Assimilator  
  17  0:52  Assimilator  
  17  0:57  Probe (Chrono Boost)  
  18  1:06  Gateway  
  18  1:08  Probe (Chrono Boost)  
  20  1:18  Probe (Chrono Boost)  
  20  1:23  Cybernetics Core  
  20  1:29  Probe (Chrono Boost)  
  20  1:32  Pylon  
  21  1:39  Probe (Chrono Boost)  
  22  1:47  Warp Gate  
  22  1:50  Probe (Chrono Boost)  
  23  2:01  Mothership Core (Chrono Boost)  
  25  2:02  Adept x2  
  29  2:10  Pylon  
  29  2:20  Probe (Chrono Boost)  
  30  2:29  Sentry, Stalker  
  34  2:49  Nexus  
  34  2:56  Probe (Chrono Boost)  
  35  3:08  Probe (Chrono Boost)  
  38  3:16  Robotics Facility  
  39  3:21  Probe (Chrono Boost)  
  39  3:24  Pylon  
  39  3:33  Probe (Chrono Boost)  
  38  3:38  Twilight Council  
  38  3:45  Probe (Chrono Boost)  
  39  3:50  Sentry  
  41  3:57  Probe (Chrono Boost)  
  42  4:05  Warp Prism  
  42  4:08  Blink  
  42  4:09  Probe x2 (Chrono Boost)  
  43  4:19  Probe (Chrono Boost)  
  43  4:21  Probe (Chrono Boost), Adept  
  43  4:22  Adept  
  49  4:30  Probe (Chrono Boost)  
  50  4:31  Pylon  
  50  4:36  Probe (Chrono Boost)  
  51  4:39  Observer  
  51  4:42  Probe (Chrono Boost)  
  53  4:48  Probe (Chrono Boost)  
  54  4:53  Dark Shrine  
  54  4:54  Probe (Chrono Boost)  
  54  4:55  Assimilator  
  54  4:57  Assimilator  
  54  4:58  Stalker  
  58  5:00  Probe (Chrono Boost)  
  58  5:05  Probe (Chrono Boost)  
  59  5:09  Forge  
  59  5:11  Probe (Chrono Boost)  
  60  5:19  Probe (Chrono Boost)  
  60  5:23  Probe (Chrono Boost)  
  60  5:27  Immortal  
  59  5:29  Probe (Chrono Boost)  
  59  5:31  Protoss Ground Weapons Level 1  
  59  5:32  Stalker  
  59  5:34  Probe (Chrono Boost)  
  59  5:35  Stalker  
  63  5:41  Probe (Chrono Boost)  
  64  5:44  Pylon  
  64  5:45  Probe (Chrono Boost)  
  64  5:53  Probe (Chrono Boost)  
  64  5:54  Gateway  
  63  5:57  Probe (Chrono Boost)  
  64  6:05  Probe (Chrono Boost)  
  64  6:07  Dark Templar x2  
  64  6:10  Probe (Chrono Boost)  
  66  6:17  Probe (Chrono Boost)  
  63  6:22  Probe (Chrono Boost)  
  63  6:28  Gateway  
  63  6:29  Probe (Chrono Boost)  
  65  6:34  Probe (Chrono Boost)  
  65  6:37  Immortal  
  70  6:41  Probe (Chrono Boost)  
  70  6:46  Probe (Chrono Boost)  
  70  6:56  Sentry x2  
  70  6:57  Gateway  
  70  6:58  Probe (Chrono Boost), Gateway  
  70  7:00  Templar Archives  
  74  7:02  Resonating Glaives  
  74  7:07  Stalker  
  74  7:15  Pylon  
  76  7:23  Protoss Ground Weapons Level 2, Pylon  
  76  7:26  Stalker x3  
  78  7:34  Pylon  
  78  7:35  Pylon  
  77  7:41  Probe x2 (Chrono Boost)  
  79  7:53  Dark Templar  
  81  8:04  Nexus  
  81  8:07  Pylon, Gateway  
  81  8:09  Gateway  
  81  8:10  Warp Prism  
  81  8:18  High Templar x2  
  87  8:22  Archon  
  87  8:40  Adept x4  
  95  8:56  Pylon  
  95  9:06  Adept x7  
  109  9:30  Adept x6  
  117  9:44  Adept x2  
  99  9:53  High Templar x2  
  99  9:54  High Templar x2  
  99  9:56  Probe x2 (Chrono Boost)  
  99  9:59  Archon x2, Adept x2  
  113  10:01  Probe (Chrono Boost)  
  113  10:05  Pylon  
  114  10:08  Adept x2  
  118  10:20  Adept x2  
  122  10:21  Probe (Chrono Boost)  
  122  10:23  Probe x2 (Chrono Boost)  
  122  10:27  Robotics Bay  
  123  10:33  Probe (Chrono Boost)  
  123  10:34  Assimilator  
  123  10:35  Assimilator, Probe (Chrono Boost)  
  125  10:41  Sentry  
  125  10:42  Probe (Chrono Boost)  
  128  10:43  Probe (Chrono Boost)  
  128  10:46  Protoss Ground Weapons Level 3  
  130  10:51  Probe (Chrono Boost)  
  130  10:56  Pylon  
  131  10:57  Pylon  
  131  10:58  Probe (Chrono Boost)  
  131  10:59  Probe (Chrono Boost)  
  131  11:01  Pylon, Adept x7  
  146  11:09  Pylon  
  146  11:13  Disruptor  
  146  11:15  Pylon  
  149  11:24  Robotics Facility  
  149  11:25  Photon Cannon  
  149  11:34  Sentry  
  149  11:37  Adept x5  
  160  11:43  Probe x2 (Chrono Boost)  
  134  11:54  Disruptor  
  125  12:02  Probe (Chrono Boost)  
  125  12:03  Probe x2 (Chrono Boost)  
  128  12:10  Stalker x5  
  128  12:11  Stalker x2  
  142  12:26  Disruptor  
  142  12:28  Disruptor, Stalker  
  146  12:41  Nexus  
  146  12:48  Sentry  
  148  12:57  Disruptor  
  150  12:59  Disruptor, Probe x2 (Chrono Boost)  
  150  13:04  Adept x5  
  143  13:14  Adept x3  
  143  13:18  Probe x3 (Chrono Boost)  
  149  13:30  Adept x3  
  152  13:36  Disruptor  
  150  13:44  Probe x2 (Chrono Boost)  
  150  13:47  Disruptor  
  156  14:03  Probe (Chrono Boost)  
  156  14:07  Disruptor  
  150  14:14  Nexus  
  151  14:18  Adept x3  
  157  14:32  Stalker  
  152  14:58  Disruptor, Probe x2 (Chrono Boost)  
  154  15:02  Probe (Chrono Boost)  
  154  15:04  Nexus  
  158  15:10  Probe (Chrono Boost)  
  158  15:14  Pylon, Adept x5  
Tags
 
Add a new tag
Caveats
  • Supply blocks, unpowered buildings, or Contaminate may cause inaccurate times.
  • Supply counts are checked every 10 seconds.